AoeStats
← KND

Nomad

505010487Analyzed
4v4 RM · 24d ago on Sep 7, 2026· 43m 5s· 8 players
Game mode
Random Map
Map size
231×231
Population
200
Speed
Normal
Resources
Standard
Victory
Conquest
Starting age
Dark Age
Ending age
Imperial Age
RankedLock teamsTeams togetherTeam positionsShared explorationLock speedFull tech treeHidden civsTurbo modeCheats
Victory
Defeat
🇹🇼 Poles · Taiwan
1543
+15
🇨🇳 Persians · China
1535
+15
🇬🇧 Dravidians · United Kingdom
1497
+16
🇨🇳 Byzantines · China
1468
+18
🇻🇳 Huns · Vietnam
1587
-20
🇧🇷 Jurchens · Brazil
1545
-17
🇨🇳 Spanish · China
1466
-14
🇨🇳 Berbers · China
1439
-13
Hululu
5:36 Loom
15:45 Feudal Age
17:42 Double-Bit Axe
24:03 Castle Age
24:29 Fletching
25:34 Bow Saw
25:40 Medium Warships
32:49 Fishing Lines
34:22 Wheelbarrow
37:39 Imperial Age
35:38 Pikeman
37:49 Squires
37:50 Scale Mail Armor
38:01 Forging
37:49 Halberdier
41:47 Chain Mail Armor
42:07 Iron Casting
Boar
4:50 Loom
14:52 Feudal Age
15:14 Double-Bit Axe
16:15 Horse Collar
19:23 Castle Age
18:00 Fishing Lines
20:09 Bow Saw
22:16 Scale Barding Armor
22:21 Forging
24:05 Town Watch
24:55 Wheelbarrow
25:01 Wheelbarrow
25:44 Gold Mining
26:11 Husbandry
26:56 Heavy Plow
27:25 Bloodlines
27:56 Chain Barding Armor
32:20 Iron Casting
32:39 Hand Cart
36:44 Imperial Age
36:16 Gold Shaft Mining
36:21 Cavalier
37:24 Conscription
37:49 Plate Barding Armor
38:07 Savar
43:58 Blast Furnace
42:50 Fletching
43:41 Hoardings
Guilter
3:21 Loom
14:01 Feudal Age
18:00 Castle Age
16:20 Double-Bit Axe
16:35 Horse Collar
19:35 Heavy Plow
19:48 Bow Saw
19:54 Fletching
21:54 Town Watch
23:56 Wheelbarrow
25:27 Stone Mining
25:28 Gold Mining
25:30 Stone Mining
25:44 Crossbowman
26:57 Bodkin Arrow
27:59 Padded Archer Armor
30:01 Leather Archer Armor
35:16 Imperial Age
33:26 Hand Cart
33:43 Ballistics
33:04 Treadmill Crane
33:34 Masonry
33:38 Town Patrol
34:22 Thumb Ring
36:01 Arbalester
37:47 Chemistry
36:49 Bracer
37:12 Conscription
38:51 Crop Rotation
39:00 Forging
38:56 Scale Barding Armor
39:30 Stone Shaft Mining
39:28 Husbandry
39:39 Bloodlines
40:45 Lechitic Legacy
39:47 Light Cavalry
41:04 Iron Casting
40:49 Chain Barding Armor
41:54 Winged Hussar
43:41 Blast Furnace
43:02 Chain Barding Armor
Catastrophic
4:40 Loom
12:36 Feudal Age
15:19 Fletching
20:45 Castle Age
19:18 Fishing Lines
19:25 Double-Bit Axe
21:38 Bow Saw
21:15 Horse Collar
21:37 Gillnets
21:58 Heavy Plow
22:36 Wheelbarrow
24:05 Town Watch
26:23 Hand Cart
31:22 Imperial Age
29:48 Medium Warships
30:15 Ballistics
30:37 Bodkin Arrow
30:42 Padded Archer Armor
31:01 Gold Mining
32:07 Bracer
33:13 Chemistry
32:30 Elite Elephant Archer
34:37 Leather Archer Armor
34:25 Husbandry
35:35 Thumb Ring
37:07 Ring Archer Armor
36:20 Pikeman
37:01 Squires
37:02 Scale Mail Armor
37:12 Forging
39:49 Chain Mail Armor
39:00 Halberdier
40:54 Iron Casting
42:07 Plate Mail Armor
43:19 Blast Furnace
42:54 Gambesons
江哥
5:19 Loom
13:26 Feudal Age
18:41 Castle Age
17:37 Double-Bit Axe
17:55 Fishing Lines
18:14 Stone Mining
20:08 Bow Saw
19:49 Fletching
22:25 Bodkin Arrow
23:44 Padded Archer Armor
27:42 Ballistics
29:49 Wheelbarrow
28:58 Horse Collar
31:58 Leather Archer Armor
32:30 Gold Mining
34:13 Heavy Plow
35:36 Gold Shaft Mining
36:40 Stone Shaft Mining
39:06 Imperial Age
36:52 Hand Cart
36:23 Town Watch
39:00 Bloodlines
38:50 Husbandry
40:17 Conscription
40:03 Bracer
42:14 Chemistry
41:45 Ring Archer Armor
42:11 Masonry
41:39 Elite Camel Archer
42:25 Heavy Camel Rider
2468899547
3:36 Loom
15:33 Feudal Age
22:22 Castle Age
21:01 Double-Bit Axe
23:26 Bow Saw
23:12 Horse Collar
25:12 Padded Archer Armor
25:45 Gold Mining
30:20 Heavy Plow
38:04 Imperial Age
36:44 Husbandry
36:55 Bloodlines
37:32 Stone Mining
40:03 Two-Man Saw
Sói
5:28 Loom
13:11 Feudal Age
17:25 Castle Age
15:44 Fishing Lines
16:56 Double-Bit Axe
17:25 Horse Collar
18:01 Fletching
18:36 Bow Saw
19:10 Town Watch
19:30 Heavy Plow
19:31 Gillnets
19:59 Gold Mining
20:38 Bodkin Arrow
21:10 Heavy Plow
21:50 Padded Archer Armor
22:57 Wheelbarrow
29:18 Stone Mining
32:36 Imperial Age
30:45 Scale Barding Armor
31:26 Hand Cart
33:02 Gold Shaft Mining
33:18 Chain Barding Armor
33:11 Forging
34:23 Bloodlines
34:14 Husbandry
35:00 Plate Barding Armor
34:21 Capped Ram
36:30 Iron Casting
37:31 Two-Man Saw
36:59 Siege Ram
38:16 Conscription
38:27 Marauders
38:27 Elite Tarkan
40:09 Blast Furnace
KND
4:33 Loom
15:07 Feudal Age
15:49 Double-Bit Axe
18:51 Castle Age
17:26 Fishing Lines
18:04 Horse Collar
20:01 Bow Saw
20:53 Heavy Plow
21:51 Wheelbarrow
24:42 Medium Warships
25:40 Gold Mining
25:42 Stone Mining
26:50 Hand Cart
28:36 Stone Shaft Mining
29:52 Ballistics
34:14 Imperial Age
32:21 Gold Shaft Mining
32:34 Scale Barding Armor
32:40 Forging
32:42 Bloodlines
32:32 Husbandry
33:44 Chain Barding Armor
33:56 Treadmill Crane
35:20 Conscription
35:10 Fortified Bastions
35:35 Town Watch
35:44 Elite Iron Pagoda
37:02 Plate Barding Armor
37:08 Iron Casting
37:36 Hoardings
37:03 Fletching
38:17 Chemistry
38:40 Two-Man Saw
37:16 Elite Skirmisher
37:20 Elite Genitour
39:25 Blast Furnace
38:23 Bodkin Arrow
39:24 Bracer
Connection lost

Rejoining the realm…

Still unreachable

The connection could not be restored.

Session expired

The server has moved on; the page needs a fresh start.